 Dungeon Crawl Stone Soup version 0.30-a0-358-g0d69a1922f (webtiles) character file.

Game seed: 5734303770263869441

739 Maxmaps the Cudgeller (level 7, -6/70 HPs)
             Began as an Ogre Monk on Nov 8, 2022.
             Mangled by a gnoll sergeant
             ... wielding a +0 trident
              (12 damage)
             ... on level 5 of the Dungeon.
             The game lasted 00:05:47 (5061 turns).

Maxmaps the Cudgeller (Ogre Monk)                   Turns: 5061, Time: 00:05:48

Health: -6/70      AC:  3    Str: 16    XL:     7   Next: 75%
Magic:  7/7        EV: 10    Int: 19    God:
Gold:   64         SH:  0    Dex: 17    Spells: 6/6 levels left

rFire   . . .      SeeInvis .    o - +1 flail (spect)
rCold   . . .      Faith    .    (no shield)
rNeg    . . .      Spirit   .    b - +0 robe
rPois   .          Reflect  .    (helmet restricted)
rElec   .          Harm     .    (no cloak)
rCorr   .          Rampage  .    (gloves unavailable)
Will    .....                    (boots unavailable)
Stlth   ++........               v - amulet of the acrobat
HPRegen 0.31/turn                h - +6 ring of intelligence
MPRegen 0.10/turn                w - +6 ring of dexterity

@: no status effects
A: large, unfitting armour, tough skin 1
a: no special abilities


You were on level 5 of the Dungeon.
You visited 1 branch of the dungeon, and saw 5 of its levels.

You collected 171 gold pieces.
You spent 107 gold pieces at shops.

Inventory:

Hand Weapons
 a - a +0 hand axe
 o - a +1 spectral flail (weapon)
 C - a +0 giant spiked club
 D - a +2 flail of holy wrath
Armour
 b - a +0 robe (worn)
Jewellery
 h - a +6 ring of intelligence (left hand)
 l - a ring of fire
 r - a ring of flight
 s - a ring of fire
 v - an amulet of the acrobat (around neck)
 w - a +6 ring of dexterity (right hand)
Wands
 x - a wand of polymorph (8)
 y - a wand of flame (20)
Scrolls
 f - a scroll of brand weapon
 g - 3 scrolls of teleportation
 j - a scroll of poison
 k - 3 scrolls of butterflies
 n - 2 scrolls of amnesia
 p - a scroll of blinking
 E - a scroll of identify
Potions
 c - a potion of ambrosia
 d - a potion of resistance
 e - 3 potions of curing
 i - a potion of mutation
 m - a potion of lignification
 q - a potion of might
 t - 3 potions of attraction
 u - a potion of brilliance {unknown}
 z - 2 potions of berserk rage
 A - 2 potions of heal wounds
 B - a potion of cancellation {unknown}


   Skills:
 - Level 4.0 Fighting
 - Level 3.0(6.0) Axes
 + Level 7.5(7.8) Maces & Flails
 - Level 2.6 Dodging
 - Level 1.4 Stealth


You had 6 spell levels left.
You didn't know any spells.
Your spell library contained the following spells:

 Spells                   Type           Power      Damage    Failure   Level
 Slow                     Hex            0%         N/A       21%         1
 Confusing Touch          Hex            0%         N/A       52%         3
 Gell's Gravitas          Tloc           0%         N/A       52%         3
 Lesser Beckoning         Tloc           0%         N/A       52%         3
 Portal Projectile        Hex/Tloc       0%         N/A       52%         3
 Teleport Other           Tloc           0%         N/A       52%         3
 Tukima's Dance           Hex            0%         N/A       52%         3
 Vampiric Draining        Necr           0%         2d6       52%         3
 Blade Hands              Tmut           0%         N/A       99%         5


Dungeon Overview and Level Annotations

Branches:
Dungeon (5/15)
 Temple: D:4-7

Altars:
Uskayaw

Shops:
D:4 [*=?*


Innate Abilities, Weirdness & Mutations

You are too large for most types of armour.
You have tough skin. (AC +1)


Message History

You kill the gnoll!
The gnoll sergeant completely misses you.
Things that are here:
a +0 flail; a gnoll corpse You hit the gnoll sergeant.
The gnoll sergeant is lightly wounded.
Your +1 spectral flail hits the gnoll sergeant!
The gnoll hits you from afar with a +0 spear.
The gnoll hits your +1 spectral flail with a +0 flail.
Your spectral weapon shares its damage with you!
The gnoll sergeant closely misses you.
You hit the gnoll sergeant but do no damage.
The gnoll sergeant is moderately wounded.
The gnoll sergeant blocks your +1 spectral flail's attack.
The gnoll hits your +1 spectral flail with a +0 flail.
Your spectral weapon shares its damage with you!
The gnoll sergeant hits you with a +0 trident!
The gnoll hits you from afar with a +0 spear.
You hit the gnoll sergeant.
The gnoll sergeant is moderately wounded.
Your +1 spectral flail hits the gnoll sergeant.
The gnoll hits you from afar with a +0 spear.
The gnoll hits your +1 spectral flail with a +0 flail.
Your spectral weapon shares its damage with you!
The gnoll sergeant hits you with a +0 trident!
* * * LOW HITPOINT WARNING * * *
You hit the gnoll sergeant.
The gnoll sergeant is severely wounded.
Your +1 spectral flail hits the gnoll sergeant.
The gnoll closely misses your +1 spectral flail.
The gnoll sergeant hits your +1 spectral flail with a +0 trident!
Your spectral weapon shares its damage with you!
* * * LOW HITPOINT WARNING * * *
The gnoll hits you from afar with a +0 spear.
* * * LOW HITPOINT WARNING * * *
The gnoll hits you from afar with a +0 spear.
* * * LOW HITPOINT WARNING * * *
The gnoll sergeant attacks as you move away!
The gnoll sergeant hits you with a +0 trident!
You die... #######.######## #..# # ##.## # #..# # ##.## ##########..## ########.......###..## #..........###.# ##..# #.####(@)#^# #.# ##.# ##.# #gg##..# #.# #.# ######.<# #gg

..## #.# ###.###
####......###..#####
#.# #(....#
#....###### #.. #.#
#.....# ..#### ..#
#.# #.....# ### ..#
#######.# #.....#
.## #.......#
#..>..#
#.......###..####


You could see a gnoll sergeant, 3 gnolls and a friendly +1 spectral flail
(summoned).

Vanquished Creatures
  The ghost of LutherGrant the Cutter, a novice VSFi of Zin (D:4)
  An ogre (D:5)
  A gnoll sergeant (D:5)
  A scorpion (D:5)
  A gnoll bouda (D:5)
  An orc priest (D:4)
  An iguana (D:5)
  4 adders
  9 gnolls (D:5)
  4 worms
  6 dart slugs
  4 orcs (D:4)
  5 ball pythons
  6 endoplasms
  4 giant cockroaches
  7 hobgoblins
  2 jackals (D:1)
  A quokka (D:3)
  7 bats
  5 frilled lizards
  6 goblins
  8 kobolds
  2 rats
87 creatures vanquished.

Notes
Turn   | Place    | Note
-------+----------+-------------------------------------------
     0 | D:1      | Maxmaps the Ogre Monk began the quest for the Orb.
     0 | D:1      | Reached XP level 1. HP: 24/24 MP: 1/1
   153 | D:1      | Reached skill level 1 in Maces & Flails
   200 | D:1      | Reached XP level 2. HP: 32/32 MP: 2/2
   340 | D:1      | Found a faded altar of an unknown god.
   614 | D:1      | Reached skill level 2 in Maces & Flails
   671 | D:1      | Reached XP level 3. HP: 37/39 MP: 3/3
  1117 | D:2      | Reached skill level 3 in Maces & Flails
  1324 | D:2      | Reached XP level 4. HP: 45/48 MP: 4/4
  2480 | D:3      | Found a hide-covered altar of Uskayaw.
  2679 | D:3      | Reached skill level 4 in Maces & Flails
  2747 | D:3      | Reached XP level 5. HP: 54/54 MP: 5/5
  3113 | D:4      | Found Hyopoc's General Store.
  3170 | D:4      | Bought a potion of heal wounds for 50 gold pieces
  3170 | D:4      | Bought a scroll of teleportation for 30 gold pieces
  3288 | D:4      | Found Awuiw's Jewellery Shoppe.
  3393 | D:4      | Found Noceu's Antique Armour Shop.
  3407 | D:4      | Found Xaubraic's Magic Scroll Shop.
  3419 | D:4      | Found Uconaxid's Assorted Antiques.
  3427 | D:4      | Bought a scroll labelled EBAERHANY for 27 gold pieces
  3585 | D:4      | Noticed LutherGrant's ghost (novice VSFi)
  3588 | D:4      | Found a runed translucent door.
  4282 | D:5      | Entered Level 5 of the Dungeon
  4282 | D:5      | Noticed an ogre
  4287 | D:5      | Killed an ogre
  4288 | D:5      | Reached skill level 5 in Maces & Flails
  4288 | D:5      | Reached XP level 6. HP: 39/62 MP: 6/6
  4588 | D:4      | Killed LutherGrant's ghost
  4589 | D:4      | Reached skill level 6 in Maces & Flails
  4589 | D:4      | Reached XP level 7. HP: 70/70 MP: 7/7
  4648 | D:5      | Reached skill level 7 in Maces & Flails
  5061 | D:5      | Mangled by a gnoll sergeant

Illustrated notes

Levels and vault maps discovered:
D:1:      mrwooster_arrival_statue, layout_loops_corners,
          ebering_ecumenical_altar_hall
D:2:      layout_basic, minivault_27, minmay_split_cup_small
D:3:      layout_basic, lemuel_doored_altar
D:4:      layout_loops_ring, hellmonk_ghost_happy_afterlife, serial_shops, shop,
          shop, shop, nicolae_shop_behind_doors, shop, grunt_decor_clamped,
          hangedman_abyss_or_decor_lesser_grid
D:5:      layout_rooms

Skill      XL: |  1  2  3  4  5  6  7 |
---------------+----------------------+-----
Maces & Flails | 1 2 3 4 5 6 7 |  7.5
Fighting       | |  4.0
Axes           | |  3.0
Dodging        | |  2.6
Stealth        | |  1.4

Action                   |  1- 3 |  4- 6 |  7- 9 || total
-------------------------+-------+-------+-------++-------
Melee: Hand axe          |    91 |       |       ||    91
       Flail             |    39 |   145 |    25 ||   209
       Punch             |     3 |       |       ||     3
  Use: Potion            |       |     2 |     1 ||     3
       Scroll            |       |    15 |       ||    15
 Stab: Sleeping          |     4 |     4 |       ||     8
       Distracted        |       |     1 |       ||     1
Armor: Robe              |    49 |    27 |       ||    76
       Skin              |       |     3 |       ||     3
Dodge: Dodged            |    65 |    87 |    15 ||   167

Table legend: (Time is in decaauts)
 A = Elapsed time spent in this place.
 B = Non-inter-level travel time spent in this place.
 C = Inter-level travel time spent in this place.
 D = Time resting spent in this place.
 E = Time spent auto-exploring this place.
 F = Levels seen in this place.
 G = Mean time per level.
                   A        B        C        D        E       F      G
               +--------+--------+--------+--------+--------+-----+--------+
         Total |   5107 |   4994 |    113 |    999 |   3165 |   5 | 1021.4 |
       Dungeon |   5107 |   4994 |    113 |    999 |   3165 |   5 | 1021.4 |
               +--------+--------+--------+--------+--------+-----+--------+

Top non-repeatable levels by time:
     D:4: 1462 daAuts
     D:2: 1410 daAuts
     D:1: 995 daAuts
     D:3: 731 daAuts
     D:5: 508 daAuts
